 Dungeon Crawl Stone Soup version 0.21-a0-513-gdcb3f5e (webtiles) character file.

344168 vineage the Slayer (level 22, -3/140 HPs)
             Began as a Gargoyle Fighter on Dec 2, 2017.
             Was a High Priest of Cheibriados.
             Killed from afar by a Brimstone Fiend (36 damage)
             ... with damnation
             ... on level 1 of the Depths.
             The game lasted 02:18:53 (39469 turns).

vineage the Slayer (Gargoyle Fighter)              Turns: 39469, Time: 02:19:23

Health: -3/140     AC: 42    Str: 37    XL:     22   Next: 7%
Magic:  11/33      EV: 17    Int: 35    God:    Cheibriados [*****.]
Gold:   2995       SH: 41    Dex: 24    Spells: 22/30 levels left

rFire    + . .     SeeInvis +   d - +6 broad axe (freeze)
rCold    + + +     Gourm    .   A - +18 shield of the Gong {rElec rN+ MR+ EV-5}
rNeg     + + +     Faith    .   Y - +7 chain mail "Qapoyra" {MR+ Int+7}
rPois    ∞         Spirit   .   z - +1 helmet {Int+3}
rElec    +         Reflect  +   M - scarf {repulsion}
rCorr    .         Harm     .   k - +0 pair of gloves
MR       ++++.                  W - +2 pair of boots
Stlth    ..........             G - +5 amulet of reflection
HPRegen  0.33/turn              p - +5 ring of evasion
MPRegen  0.23/turn              r - ring of the Dragon {*Drain rC+++ rN++ MR+ SInv}

@: flying, very slightly contaminated, studying 4 skills, repel missiles, very
slow
A: big wings, agile 1, fire resistance 1, frail 1, negative energy resistance 1,
electricity resistance, unbreathing, petrification resistance, rot immunity, AC
+16
}: 2/15 runes: decaying, gossamer
a: Stop Flying, Bend Time, Temporal Distortion, Slouch, Step From Time, Renounce
Religion


You were on level 1 of the Depths.
You worshipped Cheibriados.
Cheibriados was extremely pleased with you.
You were very hungry.

You visited 8 branches of the dungeon, and saw 39 of its levels.
You also visited: Labyrinth and Trove.

You collected 4789 gold pieces.
You spent 1794 gold pieces at shops.

Inventory:

Hand Weapons
 d - a +6 broad axe of freezing (weapon)
 N - a +2 eveningstar of crushing
Armour
 k - a +0 pair of gloves (worn)
 w - a +1 large shield
 z - a +1 helmet of intelligence (worn)
 A - the +18 shield of the Gong (worn) {rElec rN+ MR+ EV-5}
   (You bought it in a shop on level 1 of the Depths)

   It affects your evasion (-5).
   It insulates you from electricity.
   It protects you from negative energy.
   It affects your resistance to hostile enchantments.
 M - a scarf of repulsion (worn)
 W - a +2 pair of boots (worn)
 Y - the +7 chain mail "Qapoyra" (worn) {MR+ Int+7}
   (You bought it in a shop on level 2 of the Orcish Mines)

   It affects your intelligence (+7).
   It affects your resistance to hostile enchantments.
Jewellery
 p - a +5 ring of evasion (left hand)
 r - the ring of the Dragon (right hand) {*Drain rC+++ rN++ MR+ SInv}
   (You took it off a vampire on level 13 of the Dungeon)

   [ring of protection from magic]

   It renders you almost immune to cold.
   It greatly protects you from negative energy.
   It affects your resistance to hostile enchantments.
   It lets you see invisible.
   It causes draining when unequipped.
 G - a +5 amulet of reflection (around neck)
 J - an uncursed ring of resist corrosion
Wands
 u - a wand of digging (17)
Scrolls
 h - 3 scrolls of identify
 i - a scroll of summoning
 j - 2 scrolls of enchant weapon
 l - a scroll of magic mapping
 q - 17 scrolls of remove curse
 t - 5 scrolls of enchant armour
 v - 7 scrolls of teleportation
 y - 3 scrolls of blinking
 B - a scroll of fog
 C - a scroll of silence
 F - 3 scrolls of holy word
 T - 2 scrolls of fear
Potions
 a - 6 potions of mutation
 b - 6 potions of agility
 e - 8 potions of brilliance
 s - 3 potions of cancellation
 E - 6 potions of ambrosia
 H - 10 potions of might
 I - a potion of magic
 O - 3 potions of resistance
 Q - 7 potions of curing
 S - 5 potions of heal wounds
 V - 3 potions of invisibility
Books
 c - a book of Misfortune

   Spells                             Type                      Level
   a - Confusing Touch                Hexes                        1
   b - Confuse                        Hexes                        3
   c - Gell's Gravitas                Translocation                3
   d - Petrify                        Transmutation/Earth          4
   e - Metabolic Englaciation         Hexes/Ice                    5
   f - Yara's Violent Unravelling     Hexes/Transmutation          5
 m - a book of Spatial Translocations

   Spells                             Type                      Level
   a - Blink                          Translocation                2
   b - Shroud of Golubria             Charms/Translocation         2
   c - Lesser Beckoning               Translocation                3
   d - Gell's Gravitas                Translocation                3
   e - Teleport Other                 Translocation                3
   f - Passage of Golubria            Translocation                4
 n - a book of Maledictions

   Spells                             Type                      Level
   a - Corona                         Hexes                        1
   b - Ensorcelled Hibernation        Hexes/Ice                    2
   c - Confuse                        Hexes                        3
   d - Tukima's Dance                 Hexes                        3
   e - Dazzling Spray                 Conjuration/Hexes            3
 x - a manual of Invocations
 K - a manual of Maces & Flails
 L - a manual of Transmutations
 P - a manual of Translocations
 R - Sif Muna's Disquisition on Entrancing Changing
   (You found it in a treasure trove)

   Spells                             Type                      Level
   a - Confusing Touch                Hexes                        1
   b - Beastly Appendage              Transmutation                1
   c - Passwall                       Transmutation/Earth          2
   d - Sticks to Snakes               Transmutation                2
   e - Inner Flame                    Hexes/Fire                   3
   f - Fulminant Prism                Conjuration/Hexes            4
   g - Irradiate                      Conjuration/Transmutation    5
 U - Sif Muna's Volume of Malediction and Black Rites
   (You found it in a treasure trove)

   Spells                             Type                      Level
   a - Corpse Rot                     Necromancy                   2
   b - Vampiric Draining              Necromancy                   3
   c - Leda's Liquefaction            Hexes/Earth                  4
   d - Haunt                          Necromancy/Summoning         7
 X - the Collected Works on Evil Rituals
   (You found it on level 1 of the Elven Halls)

   Spells                             Type                      Level
   a - Sublimation of Blood           Necromancy                   2
   b - Regeneration                   Charms/Necromancy            3
   c - Excruciating Wounds            Charms/Necromancy            5
   d - Simulacrum                     Ice/Necromancy               6
Miscellaneous
 Z - a sack of spiders
Comestibles
 f - 21 bread rations
 g - 22 fruits
 o - 13 royal jellies
 D - 7 meat rations


   Skills:
 + Level 22.2 Fighting
 * Level 14.2(16.4) Axes
 - Level 15.5(17.8) Maces & Flails
 + Level 10.4 Armour
 - Level 8.8 Dodging
 + Level 17.5 Shields
 - Level 4.6 Spellcasting
 - Level 6.9 Translocations
 - Level 15.7 Invocations


You had 22 spell levels left.
You knew the following spells:

 Your Spells              Type           Power        Failure   Level  Hunger
a - Apportation           Tloc           ######       1%          1    None
b - Regeneration          Chrm/Necr      #.........   36%         3    None
c - Blink                 Tloc           N/A          1%          2    None
d - Passwall              Tmut/Erth      #.........   21%         2    None


Dungeon Overview and Level Annotations

Branches:
Dungeon (15/15)            Temple (0/1) D:6            Lair (6/6) D:8
  Swamp (4/4) Lair:2       Spider (4/4) Lair:3        Slime (0/5) Lair:6
    Orc (2/2) D:12            Elf (3/3) Orc:2        Vaults (4/5) D:13
  Crypt (0/3) Vaults:3     Depths (1/5) D:15

Altars:
Cheibriados
Fedhas
Gozag
Makhleb
Nemelex Xobeh
Okawaru
Qazlal
Sif Muna
Uskayaw
Yredelemnul
Zin
The Shining One
Beogh
Jiyva

Shops:
Orc:2 *[:}   Vaults:3 !   Depths:1 *!

Portals:
Hell: Lair:6
Pandemonium: Depths:1

Annotations:
D:10 exclusion: ice statue
Lair:6 exclusion: ice statue
Spider:3 exclusion: 2 ice statues


Innate Abilities, Weirdness & Mutations

You are resistant to torment.
Your stone body is resilient. (AC +16)
You are immune to poison.
Your large and strong wings let you fly indefinitely.
You resist negative energy. (rN+)
You are resistant to electric shocks. (rElec)
You can survive without breathing.
You are immune to petrification.
You are immune to rotting.
You are agile. (Dex +2)
Your flesh is heat resistant. (rF+)
You are frail. (-10% HP)


Message History

As you read the scroll of blinking, it crumbles to dust.
A fire dragon comes into view.
The fire dragon roars deafeningly! x2
The fire dragon breathes flames at you. The blast of flame hits you!
You resist.
* * * LOW HITPOINT WARNING * * *
You hear a horrible gurgling sound!
Found a stone staircase leading down.
Aiming: Dig
Press: ? - help, Shift-Dir - straight line
Okay, then.
Okay, then.
Okay, then.
You step out of the flow of time.
You return to the normal time flow.
You are feeling very hungry.
Cheibriados lowers the support of your attributes as your movement quickens.
The Brimstone Fiend roars!
The Brimstone Fiend gestures at you.
The sphere of damnation explodes!
The damnation engulfs you!
You die...

#.... #........ #....
#........ #....
#........ #..u.
#........ #uu..
#........ #....
#........ #....
#.......> #...u
#@........# #..∩u
#.........# #....
#.........####....
####......1..........
.....................
.....................
.....................
.....................
.....................


You could see a Brimstone Fiend.

Vanquished Creatures
  Sojobo (Vaults:3)
  the Lernaean hydra (Swamp:4)
  Saint Roka (Vaults:2)
  Nikola (Vaults:1)
  Arachne (Spider:4)
  An Ice Fiend (Depths:1)
  Rupert (D:13)
  A lich (Vaults:4)
  The ghost of Gerstahl the Warrior, an adept DsGl of Gozag (Swamp:4)
  3 thorn hunters
  A sphinx (Vaults:3)
  3 tengu reavers (Vaults:3)
  A deep elf sorcerer (Elf:2)
  A frost giant (Vaults:3)
  4 ghost moths (Spider:4)
  5 vault wardens
  3 balrugs (Depths:1)
  5 emperor scorpions
  7 ironheart preservers
  6 very ugly things (Vaults:2)
  3 stone giants (Vaults:4)
  3 deep elf demonologists
  2 entropy weavers
  3 spark wasps
  3 ettins
  A deep elf death mage (Elf:1)
  A minotaur (Lab)
  A blizzard demon (Depths:1)
  2 fire dragons
  5 great orbs of eyes
  7 ogre magi
  6 ice dragons
  21 hydras
  A rakshasa (Vaults:3)
  A monstrous demonspawn (Depths:1)
  An anaconda (Swamp:3)
  4 yaktaur captains
  A ghost crab (Swamp:4)
  5 centaur warriors
  17 dancing weapons
  A vampire mage (Depths:1)
  3 death knights
  27 two-headed ogres
  11 alligators
  A queen ant (Spider:4)
  3 death yaks (Lair:6)
  4 tengu warriors
  3 orc high priests (Orc:2)
  A deep troll earth mage (Depths:1)
  6 sun demons
  9 deep elf knights
  Urug (D:13)
  7 skeletal warriors
  8 spriggans
  3 unseen horrors
  6 spriggan druids
  4 deep trolls
  3 wizards
  A glowing orange brain (Vaults:2)
  11 swamp dragons
  8 deep elf archers
  Pikel (D:8)
  4 necromancers
  A phantasmal warrior (Vaults:3)
  19 orc knights
  12 ironbrand convokers
  A lindwurm (Lair:4)
  34 wolf spiders
  39 deep elf magi
  20 orb spiders
  A salamander (D:15)
  8 orc sorcerers
  A frost giant zombie (Vaults:2)
  11 ugly things
  8 cyclopes
  3 centaur zombies (D:11)
  11 elephants (Lair:6)
  4 moths of wrath
  A frost giant skeleton (Depths:1)
  2 orange demons (Lair:6)
  A guardian serpent (shapeshifter) (Vaults:3)
  10 vault sentinels
  A stone giant skeleton (Vaults:2)
  Psyche (D:12)
  A torpor snail (Spider:4)
  8 black mambas
  18 spiny frogs
  2 gargoyles
  A storm dragon simulacrum (Vaults:1)
  A smoke demon (Lair:6)
  A kobold demonologist (D:13)
  13 demonic crawlers
  4 rime drakes
  A golden dragon simulacrum (Depths:1)
  7 ice devils
  8 freezing wraiths
  16 komodo dragons
  31 yaktaurs
  A harpy zombie (D:15)
  A hellwing (Depths:1)
  3 red devils (Lair:6)
  2 tengu conjurers
  A human skeleton (Vaults:2)
  41 jumping spiders
  10 tyrant leeches
  A troll (shapeshifter) (Vaults:3)
  4 polar bears
  13 trolls
  A jumping spider (shapeshifter) (D:15)
  A sphinx simulacrum (Vaults:2)
  A hornet (shapeshifter) (D:13)
  11 hornets
  24 blink frogs
  An ettin zombie (Depths:1)
  4 bog bodies
  25 hippogriffs
  A stone giant simulacrum (Vaults:1)
  A hippogriff (shapeshifter) (Vaults:3)
  47 slime creatures
  A fire giant simulacrum (Depths:1)
  A ynoxinul (Depths:1)
  An ettin skeleton (Vaults:2)
  20 tarantellas
  An air elemental (Elf:2)
  3 vampires
  4 wyverns
  65 redbacks
  A water elemental (Elf:1)
  A shadow (D:13)
  4 hogs (D:8)
  Eustachio (D:6)
  4 wraiths
  53 yaks
  A fire elemental (Elf:1)
  17 humans
  A steam dragon (D:13)
  2 large abominations (Elf:1)
  6 basilisks
  6 hungry ghosts
  17 vampire mosquitoes
  A chaos spawn (Depths:1)
  3 wargs
  27 swamp worms
  9 insubstantial wisps
  27 soldier ants (Spider:4)
  3 acid dragons
  3 hell hounds (Lair:6)
  8 water moccasins
  7 porcupines
  16 ice beasts
  4 sky beasts
  19 swamp drakes
  61 orc warriors
  3 phantoms
  A black bear (D:9)
  A black bear (shapeshifter) (D:14)
  30 ogres
  An elf skeleton (Vaults:2)
  A wolf (Lair:6)
  5 boggarts (Depths:1)
  16 centaurs
  21 crocodiles
  6 big kobolds
  7 elf zombies (Elf:1)
  A gnoll sergeant (D:13)
  21 bullfrogs
  An earth elemental (Elf:2)
  A water moccasin zombie (D:6)
  6 scorpions
  4 killer bees (D:8)
  5 howler monkeys
  10 wights
  4 electric eels
  4 crimson imps
  2 bullfrog zombies
  2 human simulacra (Vaults:1)
  A quasit (D:9)
  5 centaur skeletons
  7 hounds
  3 jellies
  33 orc priests
  23 orc wizards
  8 iguanas
  22 worker ants
  6 hound skeletons
  Robin (D:3)
  A howler monkey skeleton (D:11)
  11 gnolls
  10 adders
  3 shadow imps
  3 white imps
  A worker ant simulacrum (D:9)
  An ufetubus (Vaults:1)
  An adder zombie (D:7)
  An adder skeleton (D:8)
  5 worms
  4 dart slugs
  8 leopard geckos
  100 orcs
  3 ball pythons
  8 bats
  6 giant cockroaches
  13 goblins
  4 hobgoblins
  9 jackals
  5 quokkas
  3 frilled lizards
  A jackal zombie (D:7)
  21 kobolds
  3 rats
  3 briar patches (Swamp:2)
  A butterfly (Lair:2)
1646 creatures vanquished.

Vanquished Creatures (others)
  An entropy weaver (Spider:4)
  2 stone giants (Vaults:4)
  A blizzard demon (Depths:1)
  5 yaktaur captains
  An ogre mage (Vaults:1)
  3 centaur warriors
  A deep troll (Depths:1)
  An unseen horror (Vaults:1)
  2 deep elf archers
  A deep elf mage (Elf:1)
  2 cyclopes (Vaults:2)
  12 yaktaurs
  A spriggan (Swamp:3)
  2 orc warriors
  4 slaves (D:8)
  An ogre (Vaults:2)
  4 centaurs
  2 killer bees (D:8)
  A kobold (D:10)
  3 briar patches (Swamp:2)
  25 fungi
  5 plants
80 creatures vanquished.

Grand Total: 1726 creatures vanquished

Notes
Turn   | Place    | Note
-------+----------+-------------------------------------------
     0 | D:1      | vineage the Gargoyle Fighter began the quest for the Orb.
     0 | D:1      | Reached XP level 1. HP: 14/14 MP: 1/1
    77 | D:1      | Reached XP level 2. HP: 19/19 MP: 2/2
   250 | D:1      | Found a snail-covered altar of Cheibriados.
   267 | D:1      | Became a worshipper of Cheibriados the Contemplative
   503 | D:2      | Reached XP level 3. HP: 21/24 MP: 3/3
   514 | D:2      | Reached skill level 4 in Fighting
   795 | D:2      | Reached XP level 4. HP: 15/29 MP: 4/4
  1375 | D:2      | Found a glowing silver altar of Zin.
  1643 | D:3      | Noticed Robin
  1659 | D:3      | Reached * piety under Cheibriados
  1663 | D:3      | Killed Robin
  1847 | D:3      | Reached XP level 5. HP: 32/34 MP: 5/5
  2053 | D:3      | Found a blossoming altar of Fedhas.
  2374 | D:4      | Noticed an ogre
  2395 | D:4      | Killed an ogre
  2398 | D:4      | Reached skill level 5 in Maces & Flails
  2398 | D:4      | Reached XP level 6. HP: 22/40 MP: 6/6
  2678 | D:4      | Reached skill level 5 in Fighting
  2969 | D:5      | Entered Level 5 of the Dungeon
  3048 | D:5      | Reached ** piety under Cheibriados
  3052 | D:5      | Reached XP level 7. HP: 27/44 MP: 7/7
  3251 | D:5      | Reached skill level 6 in Fighting
  3791 | D:5      | Reached XP level 8. HP: 52/52 MP: 8/8
  3859 | D:5      | HP: 2/52 [orc priest/nerve-wracking pain (6)]
  4175 | D:5      | Reached *** piety under Cheibriados
  4199 | D:5      | Got a transparent mace {crush}
  4200 | D:5      | Identified the +8 mace of Tuvod {crush, rElec MR- Dex+6} (You took it off an orc priest on level 5 of the Dungeon)
  4546 | D:6      | Noticed Eustachio
  4560 | D:6      | Killed Eustachio
  4621 | D:6      | Reached skill level 7 in Fighting
  4678 | D:6      | Found a staircase to the Ecumenical Temple.
  5113 | D:6      | Found an opulent altar of Gozag.
  5258 | D:6      | Found a stormy altar of Qazlal.
  5312 | D:7      | Found a snail-covered altar of Cheibriados.
  5335 | D:7      | Found a sparkling altar of Nemelex Xobeh.
  5574 | D:7      | Reached **** piety under Cheibriados
  5611 | D:7      | Reached XP level 9. HP: 54/59 MP: 9/9
  5653 | D:7      | Reached skill level 8 in Fighting
  5803 | D:7      | Reached skill level 10 in Maces & Flails
  6082 | D:8      | Noticed Pikel
  6094 | D:8      | Killed Pikel
  6094 | D:8      | Reached skill level 9 in Fighting
  6270 | D:8      | Reached ***** piety under Cheibriados
  6270 | D:8      | Reached XP level 10. HP: 60/66 MP: 10/10
  6755 | D:8      | Reached skill level 10 in Fighting
  6764 | D:8      | Noticed a two-headed ogre
  6776 | D:8      | Killed a two-headed ogre
  6796 | D:8      | HP: 3/68 [acid (14)]
  7216 | D:8      | Found a staircase to the Lair.
  7354 | D:9      | Noticed a dagger
  7378 | D:9      | Reached XP level 11. HP: 73/73 MP: 11/11
  7389 | D:9      | Gained mutation: Your flesh is heat resistant. (rF+) [mutagenic meat]
  7390 | D:9      | Gained mutation: Your flesh is very heat resistant. (rF++) [mutagenic meat]
  7391 | D:9      | Gained mutation: You are agile. (Dex +2) [mutagenic meat]
  7440 | D:9      | Found a hide-covered altar of Uskayaw.
  7441 | D:9      | Noticed a hand axe
  7522 | D:9      | Reached skill level 11 in Fighting
  7859 | D:9      | Found a deep blue altar of Sif Muna.
  7859 | D:9      | Found a basalt altar of Yredelemnul.
  7914 | D:9      | Found a blossoming altar of Fedhas.
  7921 | D:9      | Found a glowing golden altar of the Shining One.
  8145 | D:10     | Entered Level 10 of the Dungeon
  8254 | D:10     | Reached ****** piety under Cheibriados
  8522 | D:10     | Got a jewelled ring mail
  8533 | D:10     | Identified the +1 ring mail of Gunauk {Str+4 Int+5} (You found it on level 10 of the Dungeon)
  8819 | Lair:1   | Entered Level 1 of the Lair of Beasts
  9187 | Lair:1   | Reached skill level 5 in Armour
  9599 | Lair:2   | Reached skill level 5 in Shields
  9602 | Lair:2   | Noticed a five-headed hydra
  9619 | Lair:2   | Killed a five-headed hydra
  9712 | Lair:2   | Reached XP level 12. HP: 75/81 MP: 12/12
  9788 | Lair:2   | Reached skill level 12 in Fighting
 10159 | Lair:2   | Found a staircase to the Swamp.
 10458 | Lair:3   | Found a hole to the Spider Nest.
 10622 | Lair:3   | Noticed a six-headed hydra
 10627 | Lair:3   | Killed a six-headed hydra
 10627 | Lair:3   | Reached skill level 13 in Fighting
 11305 | Lair:4   | Reached XP level 13. HP: 85/88 MP: 13/13
 11932 | Lair:4   | Found an iron altar of Okawaru.
 12087 | Lair:5   | Found a labyrinth entrance.
 12106 | Lab      | Entered a labyrinth
 12514 | Lab      | Noticed a minotaur
 12524 | Lab      | Killed a minotaur
 12622 | Lair:5   | Reached skill level 10 in Armour
 12622 | Lair:5   | Reached skill level 10 in Shields
 12628 | Lair:5   | Reached skill level 14 in Fighting
 12810 | Lair:5   | Reached skill level 1 in Invocations
 12961 | Lair:5   | Reached skill level 1 in Dodging
 13644 | Lair:6   | Entered Level 6 of the Lair of Beasts
 13682 | Lair:6   | Found a staircase to the Slime Pits.
 13682 | Lair:6   | Found a viscous altar of Jiyva.
 13806 | Lair:6   | Noticed an ice dragon
 13826 | Lair:6   | Gained mutation: Your large and strong wings let you fly indefinitely. [Gargoyle growth]
 13826 | Lair:6   | Reached XP level 14. HP: 96/96 MP: 17/17
 14311 | Lair:6   | Reached skill level 5 in Invocations
 15023 | Lair:6   | Found a burning altar of Makhleb.
 15052 | Lair:6   | Found a gateway to Hell.
 15667 | D:11     | Reached skill level 15 in Fighting
 17035 | D:12     | Noticed Psyche
 17037 | D:12     | Killed Psyche
 17145 | D:12     | Found a staircase to the Orcish Mines.
 17159 | Orc:1    | Entered Level 1 of the Orcish Mines
 17443 | Orc:1    | Found a roughly hewn altar of Beogh.
 17460 | Orc:1    | Reached XP level 15. HP: 81/103 MP: 21/21
 17690 | Orc:2    | Entered Level 2 of the Orcish Mines
 17751 | Orc:2    | Found a roughly hewn altar of Beogh.
 17811 | Orc:2    | Reached skill level 15 in Maces & Flails
 17887 | Orc:2    | Found Dacuitas's Gadget Shop.
 17908 | Orc:2    | Reached skill level 5 in Dodging
 18279 | Orc:2    | Found a staircase to the Elven Halls.
 18617 | Orc:2    | Reached skill level 10 in Invocations
 18866 | Orc:2    | Found Bomom's General Store.
 18867 | Orc:2    | Found Hemis's Book Emporium.
 18867 | Orc:2    | Found Karchemivo's Antique Armour Emporium.
 19018 | Orc:2    | Bought a scroll of magic mapping for 49 gold pieces
 19018 | Orc:2    | Bought a potion of agility for 56 gold pieces
 19037 | Orc:2    | Bought a polished chain mail for 247 gold pieces
 19047 | Orc:2    | Identified the +7 chain mail "Qapoyra" {MR+ Int+7} (You bought it in a shop on level 2 of the Orcish Mines)
 19063 | Orc:2    | Learned a level 1 spell: Apportation
 19067 | Orc:2    | Learned a level 3 spell: Regeneration
 19327 | D:13     | Found a gate to the Vaults.
 19327 | D:13     | Noticed Urug
 19327 | D:13     | Noticed Rupert
 19329 | D:13     | Reached skill level 16 in Fighting
 19338 | D:13     | Killed Rupert
 19342 | D:13     | Killed Urug
 19786 | D:13     | Got a wavering wooden ring
 20021 | D:13     | Identified the ring of the Dragon {*Drain rC+++ rN++ MR+ SInv} (You took it off a vampire on level 13 of the Dungeon)
 20287 | D:14     | Reached skill level 1 in Axes
 20400 | D:14     | Reached skill level 17 in Fighting
 20847 | D:14     | Reached XP level 16. HP: 102/112 MP: 23/23
 20918 | D:15     | Entered Level 15 of the Dungeon
 21025 | D:15     | Found a staircase to the Depths.
 21116 | D:15     | Found a portal to a secret trove of treasure.
 22046 | Swamp:1  | Entered Level 1 of the Swamp
 22087 | Swamp:1  | Noticed a thorn hunter
 22097 | Swamp:1  | Killed a thorn hunter
 22661 | Swamp:1  | Reached skill level 5 in Axes
 23065 | Swamp:2  | Noticed a thorn hunter
 23660 | Swamp:2  | Reached skill level 18 in Fighting
 23757 | Swamp:2  | Killed a thorn hunter
 24765 | Swamp:4  | Entered Level 4 of the Swamp
 24819 | Swamp:4  | Reached XP level 17. HP: 97/120 MP: 24/24
 24953 | Swamp:4  | Noticed the 27-headed Lernaean hydra
 24963 | Swamp:4  | Identified 2 scrolls of acquirement
 24973 | Swamp:4  | Killed the 27-headed Lernaean hydra
 25258 | Swamp:4  | Got a decaying rune of Zot
 25368 | Swamp:4  | Noticed Gerstahl's ghost (adept DsGl)
 25390 | Swamp:4  | Killed Gerstahl's ghost
 25409 | Swamp:4  | Reached skill level 19 in Fighting
 26164 | Spider:1 | Entered Level 1 of the Spider Nest
 27287 | Spider:2 | Reached XP level 18. HP: 91/128 MP: 25/25
 28345 | Spider:3 | Reached skill level 10 in Axes
 28927 | Spider:4 | Entered Level 4 of the Spider Nest
 28970 | Spider:4 | Reached skill level 20 in Fighting
 29498 | Spider:4 | Got a gossamer rune of Zot
 29758 | Spider:4 | Noticed Arachne
 29765 | Spider:4 | Killed Arachne
 29894 | Spider:4 | Reached XP level 19. HP: 123/136 MP: 28/28
 30449 | Vaults:1 | Entered Level 1 of the Vaults
 30629 | Vaults:1 | Noticed Nikola
 30643 | Vaults:1 | Reached skill level 15 in Shields
 30919 | Vaults:1 | Killed Nikola
 32224 | Vaults:2 | Reached skill level 21 in Fighting
 32309 | Vaults:2 | Reached XP level 20. HP: 141/144 MP: 30/30
 32581 | D:15     | You paid a toll of +2 fire dragon scales to enter a treasure trove
 32582 | Trove    | Entered a treasure trove
 32696 | Trove    | Identified Sif Muna's Disquisition on Entrancing Changing
 32701 | Trove    | Identified Sif Muna's Volume of Malediction and Black Rites
 32881 | Vaults:2 | Noticed Saint Roka
 32908 | Vaults:2 | Killed Saint Roka
 34424 | Vaults:3 | Noticed Sojobo
 34428 | Vaults:3 | Reached skill level 15 in Invocations
 34443 | Vaults:3 | Killed Sojobo
 34566 | Vaults:3 | Found Fikhluqa's Distillery.
 34574 | Vaults:3 | Bought a potion of agility for 80 gold pieces
 35178 | Vaults:3 | Found a staircase to the Crypt.
 35263 | Vaults:3 | Learned a level 2 spell: Blink
 35266 | Vaults:3 | Learned a level 2 spell: Passwall
 35389 | Vaults:3 | Reached skill level 1 in Translocations
 35458 | Vaults:3 | Reached XP level 21. HP: 150/150 MP: 32/32
 35608 | Vaults:4 | Reached skill level 1 in Spellcasting
 36136 | Vaults:4 | Identified the Catalogue of Enchanting Lightness
 36998 | Elf:1    | Entered Level 1 of the Elven Halls
 37111 | Elf:1    | Identified the Collected Works on Evil Rituals
 37243 | Elf:1    | Reached skill level 5 in Translocations
 37326 | Elf:1    | Gained mutation: You are frail. (-10% HP) [a neqoxec]
 37328 | Elf:1    | Lost mutation: Your flesh is very heat resistant. (rF++) [a neqoxec]
 37979 | Elf:2    | Reached skill level 22 in Fighting
 37984 | Elf:2    | Found a runed gate.
 37984 | Elf:2    | Found a runed gate.
 37984 | Elf:2    | Found a runed gate.
 38352 | Elf:3    | Entered Level 3 of the Elven Halls
 38594 | Depths:1 | Entered Level 1 of the Depths
 39108 | Depths:1 | Found a one-way gate leading to the halls of Pandemonium.
 39158 | Depths:1 | Found Feuhoe's Distillery.
 39162 | Depths:1 | Found Urphache's General Store.
 39166 | Depths:1 | Bought a potion of mutation for 120 gold pieces
 39166 | Depths:1 | Bought a potion of heal wounds for 75 gold pieces
 39170 | Depths:1 | Bought the +18 shield of the Gong {rElec rN+ MR+ EV-5} for 1167 gold pieces
 39170 | Depths:1 | Found the +18 shield of the Gong {rElec rN+ MR+ EV-5}
 39202 | Depths:1 | Found a runed gate.
 39202 | Depths:1 | Found a runed gate.
 39202 | Depths:1 | Found a runed gate.
 39203 | Depths:1 | Found the +2 Maxwell's thermic engine {flame, freeze, rF- rC-}
 39203 | Depths:1 | Found a runed gate.
 39203 | Depths:1 | Found a runed gate.
 39203 | Depths:1 | Found a runed gate.
 39217 | Depths:1 | Reached XP level 22. HP: 70/140 MP: 19/33
 39469 | Depths:1 | Killed from afar by a Brimstone Fiend

Vault maps used:
D:1:      ncdulo_watergridlock, cheibriados_altar_1
D:2:      overflow_temple_1_default, first_bread,
          corexii_item_surrounded_by_moat
D:3:      marbit_many_paths, uniq_robin
D:4:      minmay_misc_feat_columns
D:5:      minmay_a_box_with_orc_wizards_in_it
D:6:      kennysheep_mini_moat, grunt_gozag_breadcrumbs,
          minmay_temple_entry_water_ring, uniq_eustachio
D:7:      nemelex_xobeh_ov_fountains_minmay, kennysheep_mini
D:8:      erik_lair_dragon, grunt_livestock, uniq_pikel
D:9:      lemuel_crystal_altar, dancing_weapons_uskayaw,
          gammafunk_temple_overflow_pools, basic_altar, special_room,
          kennysheep_island_fort
D:10:     lemuel_ice_statue
D:11:     mrwooster_statue_mirror, grunt_ministairs_11, roderic_st_hans_cross
D:12:     david_orc_4, corexii_corridor_pit, kennysheep_generic_room_13,
          uniq_psyche
D:13:     minmay_the_grid_3x2, david_vaults_3
D:14:     minmay_door_square
D:15:     hangedman_depths_entry_try_elsewhere_first, enter_trove_6,
          corexii_leaking_fountain, minmay_misc_feat_five, serial_bayou_pond_a,
          small_chamber_with_monster, minmay_gold_behind_fungi,
          hangedman_decor_lopped, grunt_ministairs_7
Lair:1:   serial_bayou_pond_d
Lair:2:   nicolae_swamp_entry_splash_gauntlet, lemuel_fruit_fields,
          infiniplex_staircase_pool, lemuel_fruit_fields, grunt_megastairs_3
Lair:3:   spider_nest_entry_rubble, grunt_megastairs_2
Lair:4:   basic_altar
Lair:5:   lab_entry_generic, beast_lair_carwin_10
Lair:6:   evil_forest, slime_altar_1, ice2_lemuel, lemuel_fruit_tree
Swamp:1:  evilmike_swamp_ruin_rubble_2, infiniplex_staircase_pool_2
Swamp:2:  hangedman_swamp_ruin_wall
Swamp:3:  evilmike_swamp_ruin_house_6, nicolae_swamp_snake_nest
Swamp:4:  swamp_old_school
Spider:3: portal_ice_cave_entry_ice_statue_two
Spider:4: grunt_spider_rune_island, minivault_29, uniq_arachne
Orc:1:    basic_altar, nicolae_orc_flooded_monolith
Orc:2:    st_orc_elflike, mines2_david
Elf:1:    elf_arrival_001, minmay_elf_necromancy
Elf:3:    grunt_elf_hall_spiral
Vaults:1: serial_ice_b, special_room_vaults, vaults_dpeg_diagonal,
          ontoclasm_vaults_tryst, vaults_room_pools,
          nicolae_vaults_border_crossing, ontoclasm_vaults_ring_square,
          hangedman_vaults_impose, v_alt_pattern_5, hangedman_vaults_capsules,
          nicolae_vaults_yaktaur_gun_rack, uniq_nikola
Vaults:2: nicolae_vaults_puzzle_piece, v_misc_12, nicolae_vaults_three_branches,
          grunt_vaults_funnel, vaults_room_stairs_pillars, vaults_dpeg_hooks,
          hangedman_vaults_cutoff, ontoclasm_vaults_chip, uniq_saint_roka
Vaults:3: minmay_crypt_entry_simple_plaza, grunt_vaults_diagonal, v_misc_32,
          nicolae_vaults_know_your_exits, ontoclasm_vaults_loading_screen,
          nicolae_vaults_network_square, ontoclasm_vaults_ligature,
          vaults_standard_mumra_enter_the_diamond, vaults_room_fours,
          serial_shops, shop_statue, uniq_sojobo
Vaults:4: v_rooms_6, vaults_room_door_hall, nicolae_vaults_arrows, v_rooms_4,
          v_misc_17, ontoclasm_vaults_shuriken, v_misc_10,
          dpeg_vaults_monster_box, hangedman_vaults_stretched_pinwheel
Depths:1: hangedman_abyss_or_decor_stagger, serial_shops, shop,
          nicolae_shop_statue_plus, shop, pf_hell_entry_tar_spiral,
          rand_demon_pan_entry_8, brannock_guarded_unrand_thermic_engine
Lab:      nicolae_lab_dead_adventurers
Trove:    trove_library

Skill      XL: |  1  2  3  4  5  6  7  8  9 10 11 12 13 14 15 16 17 18 19 20 21 |
---------------+----------------------------------------------------------------+-----
Maces & Flails | 3 4 5 6 7 9 11 13 14 15 | 15.5
Fighting       | 4 5 6 7 9 10 11 13 14 15 17 18 19 20 21 22 | 22.2
Armour         | 5 8 10 | 10.4
Shields        | 5 8 10 11 12 13 14 15 16 17 | 17.5
Invocations    | 4 9 10 12 13 15 | 15.7
Dodging        | 2 4 6 7 8 |  8.8
Axes           | 2 7 9 10 12 13 14 | 14.2
Translocations | 1 6 |  6.9
Spellcasting   | 4 |  4.6

Action                   |  1- 3 |  4- 6 |  7- 9 | 10-12 | 13-15 | 16-18 | 19-21 | 22-24 || total
-------------------------+-------+-------+-------+-------+-------+-------+-------+-------++-------
Melee: Flail             |   116 |   240 |   163 |       |       |       |       |       ||   519
       Mace              |       |       |   177 |   542 |   981 |       |       |       ||  1700
       Whip              |       |       |       |    10 |       |       |       |       ||    10
       Morningstar       |       |       |       |       |   138 |    52 |       |       ||   190
       Broad axe         |       |       |       |       |   103 |  1135 |  1250 |    27 ||  2515
       Eveningstar       |       |       |       |       |       |    24 |       |       ||    24
Invok: Bend Time         |     1 |       |       |     2 |     1 |       |       |       ||     4
       Slouch            |       |       |       |       |     9 |    21 |    11 |       ||    41
       Step From Time    |       |       |       |       |     1 |     1 |       |     2 ||     4
       Temporal Distorti |       |       |       |       |       |       |     1 |     1 ||     2
 Abil: Fly               |       |       |       |       |     1 |       |       |     1 ||     2
       Stop Flying       |       |       |       |       |       |       |     1 |       ||     1
Evoke: Wand              |       |       |       |       |     5 |       |       |       ||     5
  Use: Potion            |     1 |     1 |     7 |     5 |     6 |     2 |     3 |       ||    25
       Scroll            |       |     5 |    10 |     7 |    16 |     9 |    10 |     3 ||    60
 Stab: Distracted        |       |       |     1 |       |     2 |       |     1 |       ||     4
       Sleeping          |       |       |       |     1 |     3 |       |       |       ||     4
       Invisible         |       |       |       |       |     1 |     5 |       |       ||     6
       Confused          |       |       |       |       |       |     1 |       |       ||     1
  Eat: Chunk             |       |     1 |       |    11 |     2 |     4 |    10 |       ||    28
       Meat ration       |       |     1 |       |       |     2 |     2 |     1 |       ||     6
       Bread ration      |       |     1 |       |       |     1 |       |       |       ||     2
       Fruit             |       |       |     1 |     4 |       |     1 |     1 |     1 ||     8
       Royal jelly       |       |       |       |       |     3 |     2 |     3 |       ||     8
Armor: Scale mail        |    92 |    68 |       |       |       |       |       |       ||   160
       Skin              |       |     7 |       |       |       |       |       |       ||     7
       Plate armour      |       |    47 |   150 |   103 |       |       |       |       ||   300
       Ring mail         |       |       |       |    53 |   185 |       |       |       ||   238
       Chain mail        |       |       |       |       |    83 |   378 |   233 |     3 ||   697
Dodge: Dodged            |    59 |   114 |   104 |   103 |   337 |   616 |   405 |     1 ||  1739
       Deflected         |       |       |       |       |       |       |    19 |       ||    19
Block: Shield            |    90 |   147 |   155 |       |       |       |       |    31 ||   423
       Large shield      |       |       |    48 |   614 |  1578 |  1983 |  1505 |       ||  5728
       Reflection        |       |       |       |     8 |    69 |    19 |   179 |       ||   275
       Other             |       |       |       |       |       |       |     2 |       ||     2

Table legend:
 A = Spawn XP
 B = Non-spawn XP
 C = Spawn XP percentage of total XP
 D = Spawn monster count
 E = Non-spawn monster count
 F = Spawn count percentage of total count
 G = Total turns spent on level
                    A         B        C        D         E        F      G
               +---------+---------+-------+---------+---------+-------+---------
         Total |       0 |  602920 |   0.0 |       0 |    1680 |   0.0 | 39469
               +---------+---------+-------+---------+---------+-------+---------
           D:1 |       0 |      31 |   0.0 |       0 |      16 |   0.0 |   472
           D:2 |       0 |      92 |   0.0 |       0 |      20 |   0.0 |  1092
           D:3 |       0 |      52 |   0.0 |       0 |      19 |   0.0 |   807
           D:4 |       0 |     303 |   0.0 |       0 |       8 |   0.0 |   598
           D:5 |       0 |     979 |   0.0 |       0 |      41 |   0.0 |  1503
           D:6 |       0 |     490 |   0.0 |       0 |      15 |   0.0 |   814
           D:7 |       0 |    1720 |   0.0 |       0 |      47 |   0.0 |   744
           D:8 |       0 |    4706 |   0.0 |       0 |      29 |   0.0 |  1538
           D:9 |       0 |    2220 |   0.0 |       0 |      40 |   0.0 |   869
          D:10 |       0 |    2122 |   0.0 |       0 |      28 |   0.0 |   633
          D:11 |       0 |    5622 |   0.0 |       0 |      49 |   0.0 |   928
          D:12 |       0 |    5686 |   0.0 |       0 |      45 |   0.0 |   823
          D:13 |       0 |   23017 |   0.0 |       0 |      66 |   0.0 |   955
          D:14 |       0 |    7639 |   0.0 |       0 |      27 |   0.0 |   785
          D:15 |       0 |   13914 |   0.0 |       0 |      33 |   0.0 |  1194
        Lair:1 |       0 |    3456 |   0.0 |       0 |      17 |   0.0 |   806
        Lair:2 |       0 |    7308 |   0.0 |       0 |      32 |   0.0 |   818
        Lair:3 |       0 |    7579 |   0.0 |       0 |      29 |   0.0 |  1006
        Lair:4 |       0 |    7202 |   0.0 |       0 |      29 |   0.0 |   854
        Lair:5 |       0 |    9315 |   0.0 |       0 |      40 |   0.0 |  1587
        Lair:6 |       0 |   25864 |   0.0 |       0 |      81 |   0.0 |  1389
       Swamp:1 |       0 |    8388 |   0.0 |       0 |      27 |   0.0 |   948
       Swamp:2 |       0 |   15574 |   0.0 |       0 |      35 |   0.0 |  1042
       Swamp:3 |       0 |   11117 |   0.0 |       0 |      41 |   0.0 |   775
       Swamp:4 |       0 |   43875 |   0.0 |       0 |      70 |   0.0 |  1298
      Spider:1 |       0 |   16820 |   0.0 |       0 |      50 |   0.0 |  1228
      Spider:2 |       0 |   12220 |   0.0 |       0 |      36 |   0.0 |   738
      Spider:3 |       0 |   17751 |   0.0 |       0 |      48 |   0.0 |   998
      Spider:4 |       0 |   51309 |   0.0 |       0 |     121 |   0.0 |  1131
         Orc:1 |       0 |    1863 |   0.0 |       0 |      10 |   0.0 |   615
         Orc:2 |       0 |   12241 |   0.0 |       0 |      62 |   0.0 |  1610
         Elf:1 |       0 |   19945 |   0.0 |       0 |      38 |   0.0 |   898
         Elf:2 |       0 |   27974 |   0.0 |       0 |      38 |   0.0 |   521
      Vaults:1 |       0 |   56878 |   0.0 |       0 |     119 |   0.0 |  1680
      Vaults:2 |       0 |   70914 |   0.0 |       0 |     123 |   0.0 |  1831
      Vaults:3 |       0 |   42984 |   0.0 |       0 |      58 |   0.0 |  1360
      Vaults:4 |       0 |   34623 |   0.0 |       0 |      50 |   0.0 |  1214
      Depths:1 |       0 |   28049 |   0.0 |       0 |      42 |   0.0 |   781
           Lab |       0 |    1078 |   0.0 |       0 |       1 |   0.0 |   440
               +---------+---------+-------+---------+---------+-------+---------
